 Dungeon Crawl Stone Soup version 0.26-a0-455-g0958c023ba (webtiles) character file.

Game seed: 13410287939968859751

112 vurker the Chopper (level 4, -4/39 HPs)
             Began as a Palentonga Fighter on July 28, 2020.
             Killed by nerve-wracking pain
             ... invoked by Grinder
              (9 damage)
             ... on level 3 of the Dungeon.
             The game lasted 00:02:53 (2503 turns).

vurker the Chopper (Palentonga Fighter)             Turns: 2503, Time: 00:02:53

Health: -4/39      AC:  8    Str: 20    XL:     4   Next: 64%
Magic:  4/4        EV:  5    Int:  9    God:
Gold:   69         SH:  9    Dex:  9    Spells: 3/3 levels left

rFire    . . .     SeeInvis +   a - +0 war axe
rCold    . . .     Faith    .   s - +0 kite shield
rNeg     . . .     Spirit   .   b - +0 scale mail
rPois    .         Reflect  .   l - +0 helmet
rElec    .         Harm     .   t - +0 cloak
rCorr    .                      (no gloves)
MR       .....                  (boots restricted)
Stlth    ..........             (no amulet)
HPRegen  0.13/turn              (no ring)
MPRegen  0.09/turn              (no ring)

@: no status effects
A: large, rugged brown scales 3, see invisible, deformed body, roll, armoured
tail
a: Rolling Charge


You were on level 3 of the Dungeon.
You visited 1 branch of the dungeon, and saw 3 of its levels.

You collected 69 gold pieces.

Inventory:

Hand Weapons
 a - a +0 war axe (weapon)
Armour
 b - a +0 scale mail (worn)
 l - a +0 helmet (worn)
   (You found it on level 1 of the Dungeon)
 s - a +0 kite shield (worn)
 t - a +0 cloak (worn)
   (You found it on level 2 of the Dungeon)
Wands
 c - a wand of disintegration (9)
   (You found it on level 2 of the Dungeon)
Scrolls
 i - 3 scrolls of enchant armour {unknown}
 j - 3 scrolls of fear {unknown}
 m - a scroll of immolation {unknown}
 n - a scroll of fog {unknown}
 p - a scroll of remove curse {unknown}
 q - 2 scrolls of identify {unknown}
 v - a scroll of amnesia {unknown}
 x - a scroll of teleportation {unknown}
Potions
 d - a potion of might
 e - a potion of brilliance {unknown}
 f - a potion of resistance {unknown}
 g - 5 potions of curing {unknown}
 h - 2 potions of magic {unknown}
 k - a potion of ambrosia {unknown}
 o - a potion of invisibility {unknown}
 r - 2 potions of flight {unknown}
 u - a potion of mutation {unknown}
 w - a potion of lignification {unknown}


   Skills:
 + Level 3.7 Fighting
 * Level 3.8 Axes
 - Level 2.4 Armour
 + Level 3.0 Shields


You had 3 spell levels left.
You didn't know any spells.
Your spell library was empty.

Dungeon Overview and Level Annotations

Branches:
Dungeon (3/15)

Altars:
Dithmenos

Annotations:
D:3 Grinder


Innate Abilities, Weirdness & Mutations

You are completely covered in rugged brown scales. (AC +3, +7% HP)
You have supernaturally acute eyesight. (SInv)
Armour fits poorly on your strangely shaped body.
You can roll at foes to attack.
You have a long armoured tail.


Message History

Found a stone staircase leading down.
There is a stone staircase leading down here.
Things that are here:
a +0 dagger; an orc corpse You open the door.
Found a stone staircase leading down.
Grinder comes into view.
She is carrying a wand of flame (22).
Grinder shouts!
Grinder zaps a wand.
The puff of flame hits you.
There is an open door here.
Grinder grins, showing sharp teeth.
Grinder completely misses you.
You closely miss Grinder. You tail-slap Grinder. Grinder hits you.
You writhe in agony.
You block Grinder's attack.
You closely miss Grinder. Grinder hits you.
You slash Grinder!
Grinder blinks!
Grinder gestures at you.
You barely resist.
Your shield and scale mail prevent you from hitting Grinder.
Grinder gestures at you.
You suddenly lose the ability to move!
Grinder grins, showing sharp teeth.
Grinder hits you!
* * * LOW HITPOINT WARNING * * *
You writhe in agony.
* * * LOW HITPOINT WARNING * * *
Grinder zaps a wand.
The puff of flame hits you but does no damage.
You can move again.
Unknown command.
Unknown command.
You barely miss Grinder.
Grinder blinks!
Roll where?
Aim: Grinder, carrying a wand of flame (20) (lightly wounded)
You roll forward with a clatter of scales!
You barely miss Grinder. Grinder hits you.
* * * LOW HITPOINT WARNING * * *
You writhe in agony.
* * * LOW HITPOINT WARNING * * *
Grinder barely misses you.
You hit Grinder but do no damage. You tail-slap Grinder.
Grinder hits you but does no damage.
You hit Grinder. You block Grinder's attack. Grinder hits you!
* * * LOW HITPOINT WARNING * * *
You hit Grinder but do no damage. You block Grinder's attack.
You closely miss Grinder. Grinder gestures at you.
Pain shoots through your body!
You die...

##+#########
#..........#
#....>.....#
#..........#############
#..........'............
#..........#############
#..........#
#......@...#
#.....5....#
#..........#
#..........#
############


You could see Grinder.

Vanquished Creatures
  Terence (D:2)
  Robin (D:2)
  An adder (D:2)
  2 oozes (D:1)
  A worm (D:2)
  A dart slug (D:1)
  A leopard gecko (D:2)
  An orc (D:3)
  2 giant cockroaches (D:1)
  15 goblins
  7 hobgoblins
  A jackal (D:1)
  2 quokkas (D:2)
  4 bats
  A frilled lizard (D:2)
  4 kobolds
  6 rats
51 creatures vanquished.

Notes
Turn   | Place    | Note
-------+----------+-------------------------------------------
     0 | D:1      | vurker the Palentonga Fighter began the quest for the Orb.
     0 | D:1      | Reached XP level 1. HP: 19/19 MP: 1/1
   207 | D:1      | Reached XP level 2. HP: 24/25 MP: 2/2
   635 | D:1      | Reached XP level 3. HP: 31/31 MP: 3/3
  1246 | D:2      | Noticed Terence
  1261 | D:2      | Killed Terence
  1261 | D:2      | Reached XP level 4. HP: 7/37 MP: 4/4
  1703 | D:2      | Noticed Robin
  1716 | D:2      | Killed Robin
  2324 | D:3      | Found a shadowy altar of Dithmenos.
  2488 | D:3      | Noticed Grinder
  2495 | D:3      | Paralysed by Grinder for 3 turns
  2503 | D:3      | Killed from afar by Grinder

Illustrated notes

Levels and vault maps discovered:
D:1:      dpeg_arrival_houses_and_road, layout_loops_ring,
          minmay_split_cup_small
D:2:      layout_loops_ring, uniq_terence, uniq_robin
D:3:      layout_basic, lemuel_doored_altar, uniq_grinder

Skill      XL: |  1  2  3  4 |
---------------+-------------+-----
Axes           | 3 |  3.8
Shields        | 3 |  3.0
Fighting       | |  3.7
Armour         | |  2.4

Action                   |  1- 3 |  4- 6 || total
-------------------------+-------+-------++-------
Melee: War axe           |    95 |    64 ||   159
       Tailslap          |    14 |     5 ||    19
 Abil: Rolling Charge    |       |     1 ||     1
Armor: Scale mail        |    47 |    27 ||    74
Dodge: Dodged            |    12 |    12 ||    24
Block: Kite shield       |    40 |    33 ||    73

Table legend: (Time is in decaauts)
 A = Elapsed time spent in this place.
 B = Non-inter-level travel time spent in this place.
 C = Inter-level travel time spent in this place.
 D = Time resting spent in this place.
 E = Time spent auto-exploring this place.
 F = Levels seen in this place.
 G = Mean time per level.
                   A        B        C        D        E       F      G
               +--------+--------+--------+--------+--------+-----+--------+
         Total |   2568 |   2515 |     53 |      0 |   2121 |   3 |  856.0 |
       Dungeon |   2568 |   2515 |     53 |      0 |   2121 |   3 |  856.0 |
               +--------+--------+--------+--------+--------+-----+--------+

Top non-repeatable levels by time:
     D:2: 1417 daAuts
     D:1: 901 daAuts
     D:3: 249 daAuts
